 Dungeon Crawl Stone Soup version 0.28-a0-1567-g1695149f81 (webtiles) character file.

Game seed: 4708412032147633170

6164 comborobin the Brawler (level 10, -17/92 HPs)
             Began as a Troll Cinder Acolyte on Jan 20, 2022.
             Was a Priest of Cheibriados.
             Demolished by a two-headed ogre (22 damage)
             ... on level 8 of the Dungeon.
             The game lasted 00:06:33 (7244 turns).

comborobin the Brawler (Troll Cinder Acolyte)       Turns: 7244, Time: 00:06:33

Health: -17/92     AC:  6    Str: 32    XL:     10   Next: 60%
Magic:  7/10       EV: 14    Int: 22    God:    Cheibriados [***...]
Gold:   370        SH:  0    Dex: 17    Spells: 11/11 levels left

rFire   . . .      SeeInvis +     - Unarmed
rCold   . . .      Faith    .   (no shield)
rNeg    . . .      Spirit   .   o - +1 robe of the Dropbear {Will+ rCorr Int+4}
rPois   .          Reflect  .   (helmet restricted)
rElec   .          Harm     .   B - +0 cloak
rCorr   +          Rampage  .   (gloves unavailable)
Will    +....                   (boots unavailable)
Stlth   ++........              y - amulet of magic regeneration
HPRegen 1.05/turn               h - ring of see invisible
MPRegen 0.52/turn               d - +4 ring of evasion

@: fire susceptible, very slow
A: large, unfitting armour, claws 3, regeneration 1, shaggy fur 1, tough skin 1,
hooves 1, MP-powered wands
a: Renounce Religion, Bend Time, Temporal Distortion


You were on level 8 of the Dungeon.
You worshipped Cheibriados.
Cheibriados was most pleased with you.
You visited 2 branches of the dungeon, and saw 11 of its levels.

You collected 474 gold pieces.
You spent 104 gold pieces at shops.

Inventory:

Missiles
 n - 3 throwing nets (quivered)
Armour
 a - a +0 robe
 o - the +1 robe of the Dropbear (worn) {Will+ rCorr Int+4}
   (You found it on level 5 of the Dungeon)

   Int:       It affects your intelligence (+4).
   rCorr:     It protects you from acid and corrosion.
   Will:      It increases your willpower.
 B - a +0 cloak (worn)
Jewellery
 d - a +4 ring of evasion (right claw)
 h - a ring of see invisible (left claw)
 m - an amulet of guardian spirit
 y - an amulet of magic regeneration (around neck)
Wands
 b - a wand of paralysis (3)
 g - a wand of iceblast (5)
 k - a wand of flame (3)
Scrolls
 e - a scroll of enchant armour {unknown}
 i - 2 scrolls of silence {unknown}
 j - 3 scrolls of identify {unknown}
 l - 2 scrolls of holy word {unknown}
 p - a scroll of enchant weapon {unknown}
 q - 2 scrolls of fear {unknown}
 s - 3 scrolls of fog {unknown}
 u - 2 scrolls of noise {unknown}
 w - 2 scrolls of brand weapon {unknown}
 x - 2 scrolls of magic mapping {unknown}
 C - 2 scrolls of amnesia {unknown}
 E - a scroll of teleportation {unknown}
Potions
 c - 3 potions of attraction
 f - 2 potions of might
 r - a potion of curing {unknown}
 t - 2 potions of lignification {unknown}
 v - a potion of degeneration {unknown}
 z - a potion of berserk rage {unknown}
 A - a potion of ambrosia {unknown}
 D - a potion of brilliance {unknown}


   Skills:
 + Level 3.7 Fighting
 + Level 2.3 Dodging
 - Level 15.0 Unarmed Combat
 - Level 1.1 Spellcasting
 - Level 2.3 Fire Magic
 + Level 2.6 Invocations


You had 11 spell levels left.
You didn't know any spells.
Your spell library contained the following spells:

 Spells                   Type           Power      Damage    Failure   Level
 Scorch                   Fire           22%        2d6       9%          2
 Pain                     Necr           4%         1d4       16%         1
 Ensorcelled Hibernation  Hex/Ice        2%         N/A       22%         2
 Passwall                 Tmut/Erth      0%         N/A       22%         2
 Confusing Touch          Hex            1%         N/A       41%         3
 Stone Arrow              Conj/Erth      2%         3d7       41%         3
 Swiftness                Air            1%         N/A       41%         3
 Animate Armour           Summ/Erth      2%         N/A       83%         4
 Agony                    Necr           1%         N/A       99%         5
 Excruciating Wounds      Necr           0%         N/A       99%         5
 Yara's Violent Unravell  Hex/Tmut       0%         3d3       99%         5
 Enfeeble                 Hex            0%         N/A       100%        7
 Lehudib's Crystal Spear  Conj/Erth      0%         10d2      100%        8


Dungeon Overview and Level Annotations

Branches:
Dungeon (10/15)            Temple (1/1) D:4             Orc (0/2) D:10
   Lair: D:8-11

Altars:
Ashenzari
Cheibriados
Dithmenos
Elyvilon
Fedhas
Gozag
Hepliaklqana
Makhleb
Nemelex Xobeh
Qazlal
Ru
Sif Muna
Uskayaw
Vehumet
Wu Jian
Xom
Yredelemnul
Zin

Shops:
D:10 !*

Annotations:
D:7 2 transporters, comborobin's ghost, novice OpCA
D:8 Maggie


Innate Abilities, Weirdness & Mutations

You are too large for most types of armour.
You have claws for hands.
Your natural rate of healing is unusually fast.
You are covered in fur. (AC +1)
You have tough skin. (AC +1)
You have large cloven feet.
You expend magic power (3 MP) to strengthen your wands.


Message History

(D) Dungeon (T) Temple (O) Orcish Mines
Where to? (Enter - D:7, ? - help)
There is a stone staircase leading down, spattered with blood here.
You climb downwards.
There is a stone staircase leading up, spattered with blood here.
Key pressed, stopping explore.
No target in view!
No target in view!
Found a dagger.
No target in view!
You see here a +0 dagger.
Key pressed, stopping explore.
No target in view!
A two-headed ogre comes into view.
It is wielding a +0 giant spiked club and a +0 giant club.
The two-headed ogre shouts in stereo!
You hear a shout!
A two-headed ogre is nearby!
The two-headed ogre closely misses you.
The two-headed ogre hits you with a +0 giant club.
The two-headed ogre barely misses you. x2
Maggie the Vainglorious comes into view.
She is wielding a +0 broad axe.
There are monsters nearby!
You mangle the two-headed ogre!!
The two-headed ogre is heavily wounded.
You closely miss the two-headed ogre.
The two-headed ogre is heavily wounded.
Maggie gestures at you while chanting. The bolt of fire hits you!
The two-headed ogre hits you with a +0 giant spiked club!!
The two-headed ogre hits you with a +0 giant club!!
* * * LOW HITPOINT WARNING * * *
Okay, then.
Okay, then.
Aiming: Paralyse
Press: ? - help, Shift-Dir - straight line, f - two-headed ogre
Aim: a two-headed ogre, wielding a +0 giant spiked club and a +0 giant club (heavily wounded, chance to affect: 35%)
You feel a surge of power!
The two-headed ogre easily resists.
The two-headed ogre hits you with a +0 giant spiked club!!
* * * LOW HITPOINT WARNING * * *
The two-headed ogre hits you with a +0 giant club!!
You die...

######
......###########
#.!.........#######
#.@########........
#.O# ######### #.@#
#... ###### .....
...... ##..###
...... #..# ......
#..# ###### #..# #


You could see Maggie and a two-headed ogre.

Vanquished Creatures
  Snorg (D:10)
  2 two-headed ogres (D:10)
  3 centaur zombies
  A troll (D:7)
  A shadow (D:7)
  Sigmund (D:3)
  7 yaks
  13 fire elementals
  An acid dragon (D:10)
  Duvessa (D:7)
  A water moccasin (D:7)
  A black bear (D:4)
  3 sky beasts
  A hornet zombie (D:7)
  4 centaurs
  A kobold brigand (D:7)
  2 bullfrogs
  Dowan (D:7)
  5 killer bees (D:7)
  A howler monkey (D:7)
  A jelly (D:5)
  3 hounds
  2 orc priests (D:7)
  Crazy Yiuf (D:3)
  A centaur skeleton (D:5)
  Jessica (D:3)
  A gnoll shaman (D:4)
  4 iguanas
  6 orc wizards
  12 gnolls
  8 adders
  A shadow imp (D:6)
  3 white imps
  An ufetubus (D:6)
  3 dart slugs
  2 worms
  22 orcs
  2 bats
  3 endoplasms
  3 giant cockroaches
  3 goblins (D:1)
  7 hobgoblins
  6 kobolds
  4 quokkas
  4 ball pythons
  2 frilled lizards
  6 rats
163 creatures vanquished.

Vanquished Creatures (others)
  13 foxfires (D:7)
13 creatures vanquished.

Grand Total: 176 creatures vanquished

Notes
Turn   | Place    | Note
-------+----------+-------------------------------------------
     0 | D:1      | comborobin the Troll Cinder Acolyte began the quest for the
                  | Orb.
     0 | D:1      | Reached XP level 1. HP: 22/22 MP: 1/1
    39 | D:1      | Found a faded altar of an unknown god.
    91 | D:2      | Reached XP level 2. HP: 28/29 MP: 2/2
   141 | D:3      | Noticed Sigmund
   146 | D:3      | Killed Sigmund
   147 | D:3      | Reached skill level 5 in Unarmed Combat
   147 | D:3      | Reached XP level 3. HP: 36/36 MP: 3/3
   147 | D:3      | Reached XP level 4. HP: 44/44 MP: 4/4
   147 | D:3      | Reached XP level 5. HP: 50/50 MP: 5/5
   231 | D:4      | Found a staircase to the Ecumenical Temple.
   243 | D:5      | Entered Level 5 of the Dungeon
   322 | D:5      | Reached skill level 6 in Unarmed Combat
   400 | D:7      | Noticed a sky beast
   425 | D:7      | Killed a sky beast
   426 | D:7      | Reached XP level 6. HP: 51/59 MP: 6/6
   580 | D:8      | Noticed a troll
   580 | D:8      | Noticed a yak
   622 | D:7      | Killed a troll
   623 | D:7      | Reached skill level 7 in Unarmed Combat
   623 | D:7      | Reached XP level 7. HP: 66/66 MP: 7/7
   660 | D:7      | Reached skill level 8 in Unarmed Combat
   736 | D:7      | Reached skill level 9 in Unarmed Combat
   775 | D:8      | Noticed a yak
   775 | D:8      | Noticed a yak
   785 | D:7      | Reached XP level 8. HP: 74/74 MP: 8/8
   791 | D:7      | Reached skill level 10 in Unarmed Combat
   907 | D:9      | Found a broken altar of Ashenzari.
   907 | D:9      | Found a blossoming altar of Fedhas.
   915 | D:9      | Found a hide-covered altar of Uskayaw.
   917 | D:9      | Found a faded altar of an unknown god.
   919 | D:9      | Found a faded altar of an unknown god.
   980 | D:9      | Reached skill level 11 in Unarmed Combat
  1007 | D:8      | Reached XP level 9. HP: 30/80 MP: 9/9
  1060 | D:9      | Reached skill level 12 in Unarmed Combat
  1128 | D:10     | Entered Level 10 of the Dungeon
  1149 | D:10     | Found a radiant altar of Vehumet.
  1152 | D:10     | Found Noog's Distillery.
  1167 | D:10     | Noticed a two-headed ogre
  1177 | D:10     | Killed a two-headed ogre
  1178 | D:10     | Reached skill level 13 in Unarmed Combat
  1284 | D:10     | Bought a potion of mutation for 104 gold pieces
  1294 | D:10     | Found Bahurinoku's General Store.
  1433 | D:10     | Found a staircase to the Orcish Mines.
  1433 | D:10     | Noticed a two-headed ogre
  1440 | D:10     | Noticed Snorg
  1442 | D:10     | Killed a two-headed ogre
  1444 | D:10     | Gained mutation: You expend magic power (3 MP) to
                  | strengthen your wands. [potion of mutation]
  1444 | D:10     | Gained mutation: You have large cloven feet. [potion of
                  | mutation]
  1452 | D:10     | Killed Snorg
  1453 | D:10     | Reached skill level 14 in Unarmed Combat
  1453 | D:10     | Reached XP level 10. HP: 33/88 MP: 3/10
  1743 | Temple   | Entered the Ecumenical Temple
  1821 | Temple   | Fell from the grace of Ignis
  1821 | Temple   | Became a worshipper of Cheibriados the Contemplative
  2609 | D:5      | Identified the +1 robe of the Dropbear {Will+ rCorr Int+4}
  2727 | D:6      | You fall into a shaft and drop 1 floor!
  2852 | D:7      | Reached * piety under Cheibriados
  2910 | D:7      | Reached skill level 15 in Unarmed Combat
  3220 | D:7      | Noticed Dowan
  3230 | D:7      | Killed Dowan
  3234 | D:7      | Found a transporter.
  3234 | D:7      | Noticed Duvessa
  3241 | D:7      | Killed Duvessa
  3242 | D:7      | Reached skill level 1 in Invocations
  3242 | D:7      | Noticed comborobin's ghost (novice OpCA)
  3245 | D:7      | Identified the +6 dire flail of Hene Raff {flame, Int+4}
  3245 | D:7      | Noticed a two-headed ogre
  3326 | D:7      | Reached skill level 1 in Dodging
  3596 | D:7      | Found a transporter.
  4157 | D:6      | Reached ** piety under Cheibriados
  4778 | D:4      | You fall into a shaft and drop 3 floors!
  5607 | D:3      | Noticed Jessica
  5612 | D:3      | Killed Jessica
  5722 | D:3      | Found a hazy altar of Hepliaklqana.
  5722 | D:3      | Found a sacrificial altar of Ru.
  5869 | D:3      | Found a runed translucent door.
  5870 | D:3      | Noticed Crazy Yiuf
  5874 | D:3      | Killed Crazy Yiuf
  5943 | D:2      | Reached *** piety under Cheibriados
  7238 | D:8      | Noticed a two-headed ogre
  7240 | D:8      | Noticed Maggie
  7244 | D:8      | Demolished by a two-headed ogre

Illustrated notes

Levels and vault maps discovered:
D:1:      tarquinn_simple_flora_water_a, layout_basic, basic_ecumenical_altar
D:2:      layout_basic, hangedman_feature_mirror
D:3:      minmay_door_path, layout_loops_cross,
          gammafunk_temple_overflow_elements, chequers_mini_garden,
          kennysheep_jessica_study, uniq_sigmund, uniq_crazy_yiuf_cottage
D:4:      layout_basic, minmay_temple_entry_wispy
D:5:      layout_basic, chequers_serial_rivers_micro_e
D:6:      layout_basic
D:7:      layout_layer_cave, gammafunk_ghost_smash, serial_park_tiny_pond,
          uniq_duvessa
D:8:      layout_loops_ring, grunt_decor_one_mirror, st_stairs_10, worms_lemuel,
          uniq_maggie
D:9:      layout_long_grid, chequers_temple_overflow_minitemple,
          dpeg_oklobed_lair, nicolae_water_bricks
D:10:     layout_rooms, amcnicky_altar_gilded, serial_shops, shop,
          kennysheep_little_box, hangedman_fish_farm, uniq_snorg
Temple:   eino_temple_scatter_basement

Skill      XL: |  1  2  3  4  5  6  7  8  9 10 |
---------------+-------------------------------+-----
Unarmed Combat | 5 6 7 9 11 14 15 | 15.0
Invocations    | 2 |  2.6
Dodging        | 2 |  2.3
Fighting       | 3 |  3.7
Spellcasting   | |  1.1
Fire Magic     | |  2.3

Action                   |  1- 3 |  4- 6 |  7- 9 | 10-12 || total
-------------------------+-------+-------+-------+-------++-------
Melee: Unarmed           |    18 |    35 |    78 |   251 ||   382
       Punch             |       |     2 |     6 |    16 ||    24
       Kick              |       |       |     1 |    53 ||    54
Invok: Fiery Armour      |       |     1 |     2 |       ||     3
       Foxfire Swarm     |       |     1 |       |       ||     1
Evoke: Wand              |       |       |     5 |     1 ||     6
  Use: Potion            |       |       |     4 |       ||     4
 Stab: Sleeping          |       |       |       |     1 ||     1
Armor: Robe              |       |    13 |    20 |    61 ||    94
Dodge: Dodged            |     9 |    14 |    52 |   161 ||   236

Table legend: (Time is in decaauts)
 A = Elapsed time spent in this place.
 B = Non-inter-level travel time spent in this place.
 C = Inter-level travel time spent in this place.
 D = Time resting spent in this place.
 E = Time spent auto-exploring this place.
 F = Levels seen in this place.
 G = Mean time per level.
                   A        B        C        D        E       F      G
               +--------+--------+--------+--------+--------+-----+--------+
         Total |   9380 |   8240 |   1140 |    183 |   6867 |  11 |  852.7 |
       Dungeon |   9290 |   8177 |   1113 |    183 |   6814 |  10 |  929.0 |
        Temple |     89 |     63 |     26 |      0 |     53 |   1 |   89.0 |
               +--------+--------+--------+--------+--------+-----+--------+

Top non-repeatable levels by time:
     D:7: 2144 daAuts
     D:3: 1295 daAuts
     D:2: 1129 daAuts
     D:5: 1045 daAuts
     D:6: 1043 daAuts
     D:4: 1003 daAuts
     D:1: 781 daAuts
    D:10: 412 daAuts
     D:9: 218 daAuts
     D:8: 217 daAuts
  Temple: 89 daAuts
